 Dungeon Crawl Stone Soup version 0.29.1-4-g47bece8355 (webtiles) character file.

Game seed: 17730192650800981357

2643 KittyFluff the Basher (level 9, -3/55 HPs)
             Began as a Gargoyle Berserker on Dec 2, 2022.
             Was an Elder of Trog.
             Slain by an unseen horror (9 damage)
             ... on level 6 of the Dungeon.
             The game lasted 00:32:00 (6479 turns).

KittyFluff the Basher (Gargoyle Berserker)          Turns: 6479, Time: 00:32:00

Health: -3/55      AC: 14    Str: 27    XL:     9   Next: 62%
Magic:  9/9        EV: 17    Int:  8    God:    Trog [****..]
Gold:   447        SH:  0    Dex: 13    Spells: 8/8 levels left

rFire   + . .      SeeInvis .   l - +2 mace (protect)
rCold   + + .      Faith    .   (no shield)
rNeg    + . .      Spirit   .   v - +1 leather armour {rC+}
rPois   ∞          Reflect  .   (no helmet)
rElec   +          Harm     .   E - +1 cloak {Will+}
rCorr   +          Rampage  .   h - +0 pair of gloves
Will    +....                   (no boots)
Stlth   ++........              (no amulet)
HPRegen 0.18/turn               i - +4 ring of evasion
MPRegen 0.11/turn               r - +6 ring of strength

@: resistant, attractive
A: sickness immunity, AC +6, negative energy resistance 1, electricity
resistance, torment resistance 1, petrification resistance
a: Renounce Religion, Berserk, Trog's Hand, Brothers in Arms


You were on level 6 of the Dungeon.
You worshipped Trog.
Trog was greatly pleased with you.
You visited 1 branch of the dungeon, and saw 6 of its levels.

You collected 447 gold pieces.

Inventory:

Hand Weapons
 j - a +0 vorpal sling
 l - a +2 mace of protection (weapon)
 x - a +2 whip of venom
 D - a +2 quarterstaff of chaos
Missiles
 d - 16 poisoned darts
 m - 33 stones (quivered)
 t - a curare-tipped dart
 y - 2 boomerangs
Armour
 h - a +0 pair of gloves (worn)
 v - a +1 leather armour of cold resistance (worn)
 B - a +0 robe of willpower
 E - a +1 cloak of willpower (worn)
Jewellery
 i - a +4 ring of evasion (left hand)
 r - a +6 ring of strength (right hand)
Wands
 s - a wand of digging (5)
Scrolls
 c - 2 scrolls of fear {unknown}
 e - a scroll of immolation {unknown}
 g - 2 scrolls of enchant weapon {unknown}
 n - a scroll of enchant armour {unknown}
 z - a scroll of acquirement {unknown}
 A - 2 scrolls of teleportation {unknown}
 C - a scroll of butterflies {unknown}
Potions
 a - a potion of mutation
 b - a potion of flight {unknown}
 f - 5 potions of lignification
 k - 3 potions of haste
 o - 4 potions of might
 p - a potion of berserk rage
 w - a potion of magic


   Skills:
 + Level 6.0 Fighting
 + Level 8.3 Maces & Flails
 + Level 1.7 Throwing
 * Level 6.7 Armour
 + Level 5.2 Dodging
 + Level 2.9 Stealth


You had 8 spell levels left.
You didn't know any spells.
Your spell library was empty.

Dungeon Overview and Level Annotations

Branches:
Dungeon (6/15)             Temple (0/1) D:5

Altars:
Fedhas
Ru
Trog
Zin

Shops:
D:2 :   D:4 =(

Portals:
Abyss: D:6

Annotations:
D:6 2 transporters, styxcanada's ghost, novice MiFi


Innate Abilities, Weirdness & Mutations

You are immune to sickness and miasma.
Your stone body is resilient. (AC +6)
You are immune to poison.
You resist negative energy. (rN+)
You are resistant to electric shocks. (rElec)
You are resistant to unholy torment.
You are immune to petrification.


Message History

Something hits you but does no damage.
You hit something but do no damage.
Your weapon exudes an aura of protection.
Something hits you. Something barely misses you.
Something hits you but does no damage. Something hits you but does no damage.
Something hits you but does no damage. Something barely misses you.
You hit something but do no damage.
Your weapon exudes an aura of protection.
Something hits you but does no damage. x2
You hit something. Something hits you but does no damage.
Something closely misses you.
You barely miss something. Something hits you but does no damage.
Something hits you but does no damage. Something hits you but does no damage.
Something hits you. Something hits you. Something hits you but does no damage.
Something barely misses you.
You thump something!
Your weapon exudes an aura of protection.
Something barely misses you. Something hits you.
The kobold brigand shouts!
Something hits you!
* * * LOW HITPOINT WARNING * * *
You hit something. Something hits you but does no damage. Something hits you.
* * * LOW HITPOINT WARNING * * *
Something hits you but does no damage. Something hits you.
* * * LOW HITPOINT WARNING * * *
It was a potion of magic.
Magic courses through your body. Something hits you but does no damage.
It was a potion of resistance.
You feel protected. Something hits you but does no damage.
It was a potion of attraction.
You feel attractive to monsters. Something hits you but does no damage.
Something hits you!
You die...

##.#....................#### #.#
#........................###.#
##...###....####..............
####..##.##..##..####....#.###..
#....©#x# ##©#.....!#...#.......
##.#..##x..###..##.##.)..#.####.
#.....# .#?.. #####....##.####.
##....###∩^#.##[...............
##.....#.# #@................
#.....#©..##..###....#....##.
#....##.#©#..##x##...........
##...## .#.##.#...##..#.#####.
#....# ... ###..(##..........
#...##.### .#.#.##...#....)..
#...#....###..##.#....######..
#...#.###... # #.#....# ##.
#...###.##x####.##....# #.


There were no monsters in sight!

Vanquished Creatures
  The ghost of sanboga the Ruffian, a novice TrBe of Trog (D:4)
  A shadow (D:5)
  Eustachio (D:6)
  A water moccasin (D:5)
  An ice beast (D:6)
  A black bear (D:6)
  An ogre (D:6)
  2 phantoms
  2 centaurs (D:5)
  A kobold brigand (D:3)
  A necrophage (D:6)
  2 scorpions
  Crazy Yiuf (D:6)
  2 hounds
  A jelly (D:5)
  4 orc priests
  2 iguanas
  Natasha (thrice) (D:3)
  12 orc wizards
  17 gnolls
  8 adders
  A shadow imp (D:6)
  4 ufetubi
  A worm (D:3)
  A dart slug (D:2)
  22 orcs
  10 ball pythons
  5 endoplasms
  4 giant cockroaches
  8 goblins
  9 hobgoblins
  38 kobolds
  A quokka (D:1)
  4 bats
  3 frilled lizards
  5 rats
181 creatures vanquished.

Vanquished Creatures (others)
  An orc wizard (D:6)
1 creature vanquished.

Grand Total: 182 creatures vanquished

Notes
Turn   | Place    | Note
-------+----------+-------------------------------------------
     0 | D:1      | KittyFluff the Gargoyle Berserker began the quest for the
                  | Orb.
     0 | D:1      | Reached XP level 1. HP: 14/14 MP: 1/1
   187 | D:1      | Reached XP level 2. HP: 19/19 MP: 2/2
   206 | D:1      | Found a faded altar of an unknown god.
   717 | D:2      | Reached XP level 3. HP: 24/24 MP: 3/3
  1072 | D:2      | Reached XP level 4. HP: 26/29 MP: 4/4
  1101 | D:2      | Reached ** piety under Trog
  1105 | D:2      | Found Iqeoha's Book Emporium.
  1551 | D:2      | Reached XP level 5. HP: 5/33 MP: 5/5
  1552 | D:2      | HP: 2/49 [orc/+0 whip (1)]
  1905 | D:3      | Reached skill level 4 in Maces & Flails
  2563 | D:3      | Noticed Natasha
  2574 | D:3      | Killed Natasha
  2575 | D:3      | Reached skill level 1 in Stealth
  2575 | D:3      | Reached XP level 6. HP: 33/39 MP: 6/6
  2586 | D:3      | Reached *** piety under Trog
  2671 | D:3      | Noticed Natasha
  2681 | D:3      | Killed Natasha
  2694 | D:3      | Noticed Natasha
  2707 | D:3      | Killed Natasha
  3129 | D:3      | Reached skill level 5 in Maces & Flails
  3200 | D:3      | Reached XP level 7. HP: 30/44 MP: 7/7
  3279 | D:3      | Reached **** piety under Trog
  3387 | D:3      | Found a blossoming altar of Fedhas.
  3388 | D:3      | Found a sacrificial altar of Ru.
  3509 | D:4      | Found Bifeuhe's One-of-a-Kind Rings.
  3884 | D:4      | Found a runed translucent door.
  3887 | D:4      | Noticed sanboga's ghost (novice TrBe)
  3903 | D:4      | Found a glowing silver altar of Zin.
  3903 | D:4      | Found a bloodstained altar of Trog.
  3957 | D:4      | Reached skill level 5 in Fighting
  4139 | D:4      | Found Coros's Weapon Emporium.
  4396 | D:4      | Killed sanboga's ghost
  4397 | D:4      | Reached skill level 6 in Maces & Flails
  4397 | D:4      | Reached skill level 1 in Throwing
  4397 | D:4      | Reached skill level 5 in Armour
  4397 | D:4      | Reached XP level 8. HP: 32/49 MP: 8/8
  4595 | D:5      | Entered Level 5 of the Dungeon
  4936 | D:5      | Noticed a shadow
  4960 | D:5      | Killed a shadow
  4961 | D:5      | Reached skill level 7 in Maces & Flails
  5170 | D:5      | Found a staircase to the Ecumenical Temple.
  5180 | D:5      | Reached XP level 9. HP: 53/55 MP: 9/9
  5413 | D:6      | Found a transporter.
  5432 | D:6      | Found a one-way gate to the infinite horrors of the Abyss.
  5432 | D:6      | Noticed styxcanada's ghost (novice MiFi)
  5437 | D:6      | Found a transporter.
  5521 | D:6      | Noticed Eustachio
  5559 | D:6      | Killed Eustachio
  5724 | D:6      | Reached skill level 8 in Maces & Flails
  5733 | D:6      | Reached skill level 5 in Dodging
  6116 | D:6      | Found a runed translucent door.
  6117 | D:6      | Noticed Crazy Yiuf
  6126 | D:6      | Killed Crazy Yiuf
  6479 | D:6      | Slain by an unseen horror

Illustrated notes

Levels and vault maps discovered:
D:1:      minmay_arrival_semitransparent, layout_loops_ring,
          ebering_ecumenical_altar_mist, minmay_misc_feat_columns,
          minmay_statues_item
D:2:      layout_loops_ring, serial_shops, nicolae_shop_crystal
D:3:      minmay_goblin_kobold_castle, layout_loops_ring,
          grunt_temple_overflow_open, kennysheep_generic_room_15, uniq_natasha
D:4:      minmay_chambers_of_fours, layout_layer_cave,
          gammafunk_temple_overflow_elements, hellmonk_ghost_happy_afterlife,
          serial_shops, nicolae_shop_bloodbath_and_beyond, minivault_23,
          nicolae_shop_unique_rings
D:5:      layout_cave_pools, minmay_temple_entry_offerings, serial_column_ruins,
          column_ruins_open_tiny, column_ruins_grid_4, column_ruins_grid_1,
          column_ruins_open_medium, column_ruins_grid_3, column_ruins_grid_2
D:6:      layout_loops_ring, gammafunk_ghost_abyssal_escape, minmay_manual_mess,
          uniq_crazy_yiuf_cottage, uniq_eustachio

Skill      XL: |  1  2  3  4  5  6  7  8  9 |
---------------+----------------------------+-----
Armour         | 3 4 5 6 |  6.7
Fighting       | 4 5 6 |  6.0
Dodging        | 2 3 4 5 |  5.2
Maces & Flails | 4 5 6 7 8 |  8.3
Stealth        | 1 2 |  2.9
Throwing       | 1 |  1.7

Action                   |  1- 3 |  4- 6 |  7- 9 || total
-------------------------+-------+-------+-------++-------
Melee: Mace              |    84 |   266 |   329 ||   679
       Punch             |       |     2 |     3 ||     5
Throw: Stone             |       |       |    37 ||    37
Invok: Berserk           |     1 |     1 |     5 ||     7
  Use: Scroll            |       |     3 |     4 ||     7
       Potion            |       |       |     3 ||     3
 Stab: Sleeping          |       |     1 |     1 ||     2
       Distracted        |       |       |     1 ||     1
Armor: Animal skin       |    34 |   113 |    63 ||   210
       Leather armour    |       |       |    88 ||    88
Dodge: Dodged            |    71 |   281 |   263 ||   615
